AoeStats
← newats2007

Black Forest

510162754Analyzed
4v4 RM · 2d ago on Sep 29, 2026· 55m 43s· 8 players
Game mode
Random Map
Map size
Large (8 player)
Population
200
Speed
Normal
Resources
Standard
Victory
Conquest
Starting age
Dark Age
Ending age
Imperial Age
RankedLock teamsTeams togetherTeam positionsShared explorationLock speedFull tech treeHidden civsTurbo modeCheats
Victory
Defeat
🇮🇳 Khmer · India
1225
+14
🇨🇴 Bohemians · Colombia
1196
+15
🇨🇳 Dravidians · China
1149
+27
🇩🇪 Italians · Germany
1148
+18
🇳🇱 Portuguese · Netherlands
1201
-17
🇫🇷 Saracens · France
1182
-16
🇹🇷 Hindustanis · Türkiye
1170
-16
🇩🇪 Bohemians · Germany
1156
-15
lpt42
7:22 Loom
9:51 Feudal Age
10:30 Double-Bit Axe
11:50 Fletching
21:37 Horse Collar
24:13 Castle Age
25:14 Bow Saw
25:24 Heavy Plow
25:22 Gold Mining
25:25 Stone Mining
26:28 Wheelbarrow
29:57 Bodkin Arrow
38:01 Imperial Age
35:53 Gold Mining
36:49 Crossbowman
37:43 Husbandry
37:54 Bloodlines
38:38 Scale Barding Armor
38:34 Murder Holes
38:56 Onager
39:05 Light Cavalry
40:34 Hussar
41:16 Heavy Camel Rider
43:02 Chemistry
42:23 Ballistics
43:00 Chain Barding Armor
44:03 Forging
47:17 Plate Barding Armor
47:18 Iron Casting
50:03 Blast Furnace
48:54 Siege Onager
52:15 Hand Cart
54:04 Siege Engineers
deRoode
7:55 Loom
10:38 Feudal Age
16:10 Castle Age
14:38 Horse Collar
14:54 Double-Bit Axe
19:16 Bow Saw
20:13 Fishing Lines
21:07 Horse Collar
21:39 Gillnets
23:00 Stone Mining
23:44 Heavy Plow
26:02 Wheelbarrow
26:19 Gold Mining
26:55 Hand Cart
30:41 Imperial Age
30:33 Stone Shaft Mining
30:36 Town Watch
35:05 Chemistry
34:12 Siege Engineers
34:06 Murder Holes
34:21 Masonry
33:52 Treadmill Crane
35:30 Two-Man Saw
38:05 Onager
39:05 Onager
40:36 Conscription
43:17 Arquebus
44:01 Fletching
44:14 Padded Archer Armor
45:46 Town Patrol
46:27 Bombard Tower
46:39 Architecture
46:45 Bodkin Arrow
50:56 Bloodlines
50:46 Husbandry
50:07 Cavalier
50:58 Scale Barding Armor
51:03 Forging
50:54 Bracer
54:23 Chain Barding Armor
54:38 Iron Casting
krafrijo
5:41 Loom
13:11 Feudal Age
17:29 Castle Age
15:28 Horse Collar
15:50 Double-Bit Axe
19:02 Bow Saw
19:50 Heavy Plow
25:29 Fletching
27:40 Bodkin Arrow
33:36 Imperial Age
32:13 Wheelbarrow
33:41 Chemistry
32:56 Wagenburg Tactics
34:52 Siege Engineers
34:14 Elite Hussite Wagon
35:25 Conscription
36:12 Ballistics
38:14 Town Watch
38:44 Hand Cart
37:53 Houfnice
40:42 Town Patrol
45:34 Scale Barding Armor
45:40 Forging
46:00 Husbandry
45:20 Light Cavalry
46:55 Chain Barding Armor
47:50 Iron Casting
50:20 Blast Furnace
zeron
0:27 Loom
12:23 Feudal Age
16:20 Castle Age
14:53 Double-Bit Axe
15:34 Horse Collar
16:10 Fishing Lines
22:35 Scale Mail Armor
27:27 Grand Trunk Road
27:39 Heavy Plow
31:02 Wheelbarrow
32:58 Imperial Age
30:14 Town Watch
32:09 Chain Mail Armor
32:05 Forging
33:37 Bow Saw
33:23 Gold Mining
33:31 Stone Mining
33:11 Elite Ghulam
34:46 Gold Shaft Mining
35:34 Two-Man Saw
36:20 Iron Casting
38:06 Blast Furnace
47:54 Arson
48:10 Squires
48:14 Husbandry
48:25 Bloodlines
47:38 Light Cavalry
48:37 Hussar
51:32 Scale Barding Armor
51:46 Heavy Camel Rider
52:53 Gillnets
53:22 Imperial Camel Rider
56:45 Chemistry
T.Mücke_63
0:28 Loom
13:16 Feudal Age
17:22 Castle Age
15:54 Double-Bit Axe
18:46 Bow Saw
36:21 Imperial Age
38:08 Gold Mining
40:47 Wheelbarrow
42:46 Scale Mail Armor
42:57 Forging
42:38 Arson
42:54 Squires
44:27 Horse Collar
46:59 Chain Mail Armor
47:19 Iron Casting
48:05 Iron Casting
49:32 Plate Mail Armor
50:03 Blast Furnace
49:48 Heavy Plow
52:11 Chemistry
51:33 Ballistics
53:42 Hand Cart
53:52 Pikeman
54:21 Town Watch
Dani Blackmore
12:37 Feudal Age
17:58 Castle Age
17:54 Loom
18:02 Double-Bit Axe
18:41 Fletching
19:31 Padded Archer Armor
22:16 Elite Skirmisher
26:46 Wheelbarrow
25:59 Town Watch
27:47 Fervor
28:05 Horse Collar
28:38 Bow Saw
29:36 Hand Cart
29:10 Fishing Lines
34:17 Imperial Age
33:49 Chemistry
35:33 Forging
35:24 Scale Mail Armor
36:44 Siege Engineers
37:51 Conscription
37:07 Houfnice
38:29 Squires
40:55 Town Patrol
42:01 Chain Mail Armor
42:22 Iron Casting
46:06 Plate Mail Armor
46:37 Blast Furnace
46:50 Bodkin Arrow
46:52 Pikeman
51:19 Two-Man Saw
51:18 Leather Archer Armor
51:26 Halberdier
52:43 Ballistics
52:34 Masonry
蜡笔小新
10:39 Feudal Age
14:20 Castle Age
12:21 Double-Bit Axe
12:40 Horse Collar
15:16 Heavy Plow
19:29 Wheelbarrow
21:13 Gold Mining
21:15 Stone Mining
24:29 Loom
25:39 Hand Cart
25:10 Town Watch
28:10 Imperial Age
25:57 Fletching
26:07 Padded Archer Armor
27:07 Squires
26:53 Arson
26:59 Arson
28:36 Bodkin Arrow
28:41 Padded Archer Armor
28:43 Husbandry
29:23 Wootz Steel
29:11 Medical Corps
29:09 Elite Elephant Archer
31:03 Bow Saw
32:06 Conscription
32:00 Bracer
32:15 Leather Archer Armor
32:03 Scale Mail Armor
32:27 Ballistics
33:07 Chemistry
34:48 Two-Man Saw
34:00 Town Patrol
34:34 Coinage
36:03 Elite Urumi Swordsman
37:26 Hoardings
38:11 Ring Archer Armor
37:56 Chain Mail Armor
37:52 Forging
41:07 Plate Mail Armor
41:13 Iron Casting
42:05 Banking
41:45 Guilds
44:26 Blast Furnace
46:02 Murder Holes
46:18 Masonry
45:59 Heated Shot
48:32 Pikeman
50:39 Scale Barding Armor
newats2007
1:56 Loom
12:41 Feudal Age
15:45 Castle Age
17:13 Light Cavalry
23:15 Double-Bit Axe
33:31 Imperial Age
32:47 Wheelbarrow
31:58 Town Watch
33:17 Forging
33:12 Scale Barding Armor
33:08 Scale Mail Armor
34:06 Bloodlines
34:12 Gold Mining
34:44 Bow Saw
34:46 Horse Collar
36:33 Heavy Plow
38:05 Iron Casting
37:59 Conscription
38:42 Chain Barding Armor
38:31 Hussar
39:12 Husbandry
41:42 Plate Barding Armor
41:23 Chain Mail Armor
42:16 Hand Cart
43:44 Double Crossbow
46:15 Blast Furnace
45:05 Fletching
46:52 Chemistry
46:13 Ballistics
45:59 Padded Archer Armor
46:15 Heavy Scorpion
47:52 Bodkin Arrow
50:28 Bracer
50:44 Leather Archer Armor
50:36 Siege Engineers
55:43 Ring Archer Armor
Connection lost

Rejoining the realm…

Still unreachable

The connection could not be restored.

Session expired

The server has moved on; the page needs a fresh start.